 Dungeon Crawl Stone Soup version 0.32-a0-433-g08bcfe7 (webtiles) character file.

Game seed: 9937654099883858935

91 jagoly the Chopper (level 4, -5/35 HPs)
             Began as a Mummy Monk on Feb 22, 2024.
             Slain by an iguana (7 damage)
             ... on level 3 of the Dungeon.
             The game lasted 00:03:57 (1234 turns).

jagoly the Chopper (Mummy Monk)                     Turns: 1234, Time: 00:03:57

Health: -5/35      AC:  5    Str: 16    XL:     4   Next: 33%
Magic:  4/4        EV: 12    Int:  9    God:
Gold:   93         SH:  0    Dex: 14    Spells: 3/3 levels left

rFire   . . .        a - +0 hand axe
rCold   + + .        c - orb {light}
rNeg    + + +        b - +2 robe {rC+ rF+}
rPois   ∞            k - +0 helmet
rElec   .            (no cloak)
rCorr   .            (no gloves)
SInv    .            (no boots)
Will    .....        (no amulet)
Stlth   +            (no ring)
HPRegen 0.25/turn    (no ring)
MPRegen 0.09/turn

%: faith
@: glowing
A: cold resistance 1, negative energy resistance 3, torment resistance 2, heat
vulnerability 1, in touch with death 1, no potions, faith
a: no special abilities


You were on level 3 of the Dungeon.
You visited 1 branch of the dungeon, and saw 3 of its levels.

You collected 93 gold pieces.

Inventory:

Hand Weapons
 a - a +0 hand axe (weapon)
Missiles
 d - 9 stones (quivered)
 f - 5 poisoned darts
 i - 6 javelins
Armour
 b - a +2 robe of resistance (worn)
 c - an orb of light (worn)
 k - a +0 helmet (worn)
Scrolls
 e - a scroll of vulnerability {unknown}
 g - 2 scrolls of amnesia {unknown}
 h - a scroll of revelation {unknown}
 j - 2 scrolls of identify {unknown}


   Skills:
 - Level 3.0 Fighting
 + Level 4.3 Axes
 - Level 2.4 Dodging


You had 3 spell levels left.
You didn't know any spells.
Your spell library contained the following spells:

 Spells                   Type           Power      Damage    Failure   Level
 Blink                    Tloc           0%         N/A       52%         2
 Jinxbite                 Hex            0%         N/A       52%         2
 Lesser Beckoning         Tloc           0%         N/A       52%         2
 Momentum Strike          Conj/Tloc      0%         3d8       52%         2
 Fugue of the Fallen      Necr           0%         N/A       77%         3
 Ozocubu's Armour         Ice            0%         N/A       77%         3
 Manifold Assault         Tloc           0%         N/A       99%         4
 Yara's Violent Unravell  Hex/Alch       0%         3d3       100%        5
 Enfeeble                 Hex            0%         N/A       100%        7


Dungeon Overview and Level Annotations

Branches:
Dungeon (3/15) Zot: 16749

Altars:


Innate Abilities, Weirdness & Mutations

You are immune to poison.
Your flesh is cold resistant. (rC+)
You are immune to negative energy. (rN+++)
You are immune to unholy pain and torment.
You are vulnerable to heat. (rF-)
You are in touch with the powers of death.
You do not drink.
You have a special connection with the divine. (Faith)


Message History

The kobold is severely wounded.
The kobold hits you but does no damage.
You hit the kobold but do no damage.
The kobold is severely wounded.
The kobold barely misses you.
You hit the kobold.
You kill the kobold!
No target in view!
You see here a +0 short sword.
Found a grey potion.
A jackal comes into view.
The jackal barks!
You hear an angry hiss.
A ball python comes into view.
A frilled lizard and a jackal come into view.
The frilled lizard hisses angrily.
The jackal barks!
The jackal barely misses you.
A quokka and a hobgoblin come into view.
The hobgoblin shouts!
You hear a shout!
The hobgoblin moves out of view.
The jackal attacks as it pursues you!
The jackal bites you but does no damage.
You hit the jackal.
The jackal is heavily wounded.
The jackal barely misses you.
The jackal bites you but does no damage.
You barely miss the jackal.
The jackal is heavily wounded.
The jackal misses you. x2
A hobgoblin comes into view.
The hobgoblin shouts!
You hit the jackal.
The jackal is almost dead.
The jackal barely misses you.
You hit the jackal but do no damage.
The jackal is almost dead.
The jackal closely misses you. x2
You hit the jackal.
You kill the jackal!
The ball python barely misses you. x2
You barely miss the ball python. The ball python barely misses you.
The ball python grabs you. The ball python constricts you.
You hit the ball python.
The ball python is moderately wounded.
The ball python bites you. The ball python constricts you.
You barely miss the ball python.
The ball python is moderately wounded.
The ball python barely misses you. The ball python constricts you.
The ball python barely misses you. The ball python constricts you.
You slash the ball python!
You kill the ball python!
The jackal bites you.
You barely miss the jackal. The jackal bites you.
You slash the jackal!
You kill the jackal!
You hit the hobgoblin.
You kill the hobgoblin!
You hit the hobgoblin.
The hobgoblin is moderately wounded.
A bat comes into view.
The hobgoblin misses you.
You hit the hobgoblin but do no damage.
The hobgoblin is moderately wounded.
The hobgoblin closely misses you.
You hit the hobgoblin but do no damage.
The hobgoblin is moderately wounded.
The hobgoblin closely misses you.
You hit the hobgoblin.
You kill the hobgoblin!
The bat hits you but does no damage. The bat misses you.
The bat closely misses you.
You completely miss the bat. The bat closely misses you.
The bat hits you but does no damage.
You hit the bat but do no damage. The bat closely misses you.
The bat misses you.
You hit the bat.
The bat is moderately wounded.
The bat closely misses you.
You hit the frilled lizard.
You kill the frilled lizard!
The bat barely misses you.
You barely miss the bat.
The bat is moderately wounded.
The bat misses you. The bat hits you but does no damage. x2
You hit the bat.
The bat is severely wounded.
The bat hits you but does no damage. x2
You closely miss the bat.
The bat is severely wounded.
The bat barely misses you. The bat hits you.
You hit the bat.
You kill the bat!
You barely miss the quokka. The quokka closely misses you.
The quokka barely misses you.
You completely miss the quokka. The quokka bites you.
You hit the quokka.
You kill the quokka!
You swing at nothing.
You now have 27 gold pieces (gained 14).
Items here: [ †††††.
i - a +0 ring mail You start removing your armour.
You continue removing your +0 robe. x4
You finish removing your +0 robe.
You start putting on your armour.
You continue putting on your +0 ring mail. x5
You finish putting on your +0 ring mail.
The giant cockroach closely misses you.
You hit the giant cockroach.
You kill the giant cockroach!
No target in view!
You see here a giant cockroach corpse.
A kobold comes into view. It is wielding a +0 dagger.
The kobold shouts!
The kobold hits you with a +0 dagger.
You hit the kobold.
You kill the kobold!
No target in view!
You pick up a book of Spatial Translocations and begin reading...
You add the spells Blink, Momentum Strike and Lesser Beckoning to your library.
Found a glowing green potion.
Found a metallic black potion.
A rat comes into view.
A rat is nearby!
You hit the rat.
You kill the rat!
No target in view!
No target in view!
You now have 40 gold pieces (gained 13).
An endoplasm comes into view.
Found a scroll labelled MOUMOI BEGOSK.
The endoplasm barely misses you.
You hit the endoplasm.
The endoplasm is heavily wounded.
The endoplasm freezes you.
You are frozen.
You resist.
You hit the endoplasm but do no damage.
The endoplasm is heavily wounded.
The endoplasm barely misses you. The endoplasm freezes you.
You are frozen.
You resist.
You hit the endoplasm.
You kill the endoplasm!
You have reached level 3!
Your experience leads to an increase in your attributes!
Increase (S)trength, (I)ntelligence, or (D)exterity?
You feel stronger. x2
A quokka comes into view.
Found 12 gold pieces.
Found a stone staircase leading down.
The quokka bites you. The quokka closely misses you.
You barely miss the quokka.
The quokka bites you but does no damage.
You barely miss the quokka. The quokka closely misses you.
You hit the quokka.
The quokka is severely wounded.
The quokka bites you but does no damage.
The quokka bites you.
You closely miss the quokka.
The quokka is severely wounded.
The quokka barely misses you.
You completely miss the quokka.
The quokka is severely wounded.
The quokka bites you.
You closely miss the quokka.
The quokka is severely wounded.
The quokka bites you but does no damage.
The quokka closely misses you.
You hit the quokka.
You kill the quokka!
No target in view!
No target in view!
j - a scroll labelled MOUMOI BEGOSK
There is a stone staircase leading down here.
You now have 52 gold pieces (gained 12).
A quokka comes into view.
Found a lumpy coppery potion.
The quokka bites you but does no damage.
You hit the quokka but do no damage. The quokka barely misses you.
The quokka bites you but does no damage.
You hit the quokka.
The quokka is moderately wounded.
The quokka barely misses you.
You barely miss the quokka.
The quokka is moderately wounded.
The quokka closely misses you.
You hit the quokka but do no damage.
The quokka is moderately wounded.
The quokka bites you but does no damage.
You slash the quokka!
You kill the quokka!
No target in view!
No target in view!
Key pressed, stopping explore.
No target in view!
You see here a metallic black potion.
You open the door.
There is an open door here.
You open the door.
There is an open door here.
You open the door.
There is an open door here.
You open the door.
There is an open door here.
You open the door.
Done exploring.
Done exploring.
Done exploring.
There is an open door here.
There is a stone staircase leading down here.
You climb downwards.
Found 9 gold pieces and a purple potion.
There is a stone staircase leading up here.
You hit the rat.
You kill the rat!
No target in view!
No target in view!
No target in view!
No target in view!
Found a brown potion.
You now have 61 gold pieces (gained 9).
Found a stone staircase leading up.
Found a cyan potion.
A hobgoblin comes into view.
The hobgoblin shouts!
You hit the hobgoblin but do no damage. The hobgoblin barely misses you.
You hit the hobgoblin.
The hobgoblin is moderately wounded.
The hobgoblin barely misses you.
You hit the hobgoblin.
The hobgoblin is severely wounded.
The hobgoblin hits you but does no damage.
You hit the hobgoblin.
You kill the hobgoblin!
No target in view!
No target in view!
Found a helmet.
Found a stone staircase leading down.
There is a stone staircase leading down here.
You pick up a book of Misfortune and begin reading...
You add the spells Jinxbite, Yara's Violent Unravelling and Enfeeble to your library.
Unknown command.
There is a stone staircase leading down here.
You see here a +0 helmet.
You start putting on your armour.
You continue putting on your +0 helmet. x4
You finish putting on your +0 helmet.
There is a stone staircase leading down here.
You now have 64 gold pieces (gained 3).
An adder comes into view.
The adder hisses angrily.
The adder closely misses you.
You barely miss the adder. The adder bites you.
The adder bites you but does no damage.
You hit the adder.
The adder is moderately wounded.
The adder bites you but does no damage.
You hit the adder.
The adder is heavily wounded.
The adder bites you but does no damage. x2
You hit the adder.
You kill the adder!
No target in view!
HP restored.
A rat comes into view.
The rat squeaks loudly.
The rat barely misses you.
You hit the rat.
The rat is severely wounded.
The rat bites you but does no damage.
You hit the rat.
You kill the rat!
No target in view!
No target in view!
You see here a rat corpse.
Found a ring mail.
Found a stone staircase leading up.
You now have 73 gold pieces (gained 9).
An adder comes into view.
The adder hisses angrily.
You hit the adder.
The adder is heavily wounded.
The adder barely misses you.
You hit the adder.
You kill the adder!
No target in view!
No target in view!
There is a stone staircase leading up here.
You see here an adder corpse.
An adder and a hobgoblin come into view.
The hobgoblin shouts!
The adder moves out of view.
You hit the adder.
The adder is lightly wounded.
The adder bites you but does no damage.
You slash the adder!
The adder is severely wounded.
The adder misses you. The adder bites you.
You hit the adder.
You kill the adder!
The hobgoblin barely misses you.
Your Axes skill increases to level 4!
You hit the hobgoblin.
You kill the hobgoblin!
No target in view!
No target in view!
You see here an adder corpse.
Found a stone staircase leading down.
A rat comes into view.
The rat bites you but does no damage.
You hit the rat.
You kill the rat!
No target in view!
No target in view!
You see here a rat corpse.
A goblin comes into view. It is wielding a +0 club.
The goblin shouts!
The goblin moves out of view.
Found an embroidered robe.
You hit the goblin.
The goblin is moderately wounded.
The goblin hits you but does no damage.
You hit the goblin.
You kill the goblin!
No target in view!
No target in view!
You see here a +2 robe of resistance.
You start removing your armour.
You continue removing your +0 ring mail. x4
You finish removing your +0 ring mail.
You drop a +0 ring mail.
You drop a +0 robe.
You start putting on your armour.
You continue putting on your +2 robe of resistance. x4
You finish putting on your +2 robe of resistance.
You feel resistant to extremes of temperature.
Things that are here:
a +0 club; a goblin corpse
Things that are here:
a +0 robe; a +0 ring mail A ball python comes into view.
The ball python hisses angrily.
You hit the ball python.
You kill the ball python!
No target in view!
No target in view!
Key pressed, stopping explore.
Okay, then.
A goblin comes into view. It is wielding a +0 dagger.
The goblin shouts!
The goblin hits you with a +0 dagger.
You hit the goblin but do no damage. The goblin closely misses you.
You hit the goblin.
You kill the goblin!
You have reached level 4!
Things that are here:
a +0 dagger; a goblin corpse
Found a stone staircase leading down.
A bat comes into view.
The bat moves out of view.
You closely miss the bat. The bat hits you but does no damage.
The bat hits you but does no damage.
You hit the bat.
The bat is severely wounded.
The bat hits you but does no damage. The bat closely misses you.
You hit the bat.
You kill the bat!
No target in view!
No target in view!
There is a stone staircase leading down here.
A ball python comes into view.
The ball python hisses angrily.
An adder comes into view.
The adder hisses angrily.
The ball python barely misses you. The ball python grabs you.
The ball python constricts you.
You hit the ball python.
You kill the ball python!
You hit the adder. The adder misses you.
You slash the adder!
You kill the adder!
No target in view!
No target in view!
You see here an adder corpse.
You open the door.
There is an open door here.
There is an open door here.
There is a stone staircase leading down here.
You open the door.
There is an open door here.
A hobgoblin comes into view.
The hobgoblin shouts!
You barely miss the hobgoblin. The hobgoblin closely misses you.
You hit the hobgoblin.
The hobgoblin is heavily wounded.
The hobgoblin hits you but does no damage.
You hit the hobgoblin but do no damage.
The hobgoblin is heavily wounded.
The hobgoblin hits you.
You slash the hobgoblin!
You kill the hobgoblin!
No target in view!
You open the door.
There is an open door here.
There is an open door here.
You see here a bat corpse.
You see here an adder skeleton.
You now have 87 gold pieces (gained 14).
As you open the door, it creaks loudly!
An adder comes into view.
The adder hisses angrily.
Found a scroll labelled UCASUE OTOO and a gold piece.
You slash the adder!
The adder is almost dead.
The adder closely misses you.
You hit the adder but do no damage.
The adder is almost dead.
The adder bites you but does no damage. x2
You barely miss the adder.
The adder is almost dead.
The adder bites you but does no damage.
You hit the adder.
You kill the adder!
No target in view!
There is an open door, spattered with blood here.
g - 2 scrolls labelled UCASUE OTOO (gained 1)
You now have 88 gold pieces (gained 1).
You open the door.
There is an open door here.
Key pressed, stopping explore.
j - 2 scrolls labelled MOUMOI BEGOSK (gained 1)
You now have 93 gold pieces (gained 5).
d - 9 stones (gained 4)
There is a stone staircase leading down here.
You see here a brown potion.
You see here an adder skeleton.
Key pressed, stopping explore.
Found 6 javelins.
You see here 6 javelins.
i - 6 javelins Done exploring.
You see here a bat skeleton.
There is a stone staircase leading down here.
You climb downwards.
There is a stone staircase leading up here.
There is a stone staircase leading up here.
Found a ring mail.
Found a whip.
An iguana comes into view.
The iguana hisses angrily.
A hobgoblin comes into view.
The hobgoblin shouts!
There is a stone staircase leading up here.
Throw: 6 darts (poison)
Press: ? - help, Shift-Dir - straight line, f - iguana
Aim: an iguana (haloed, 80% to hit)
You throw a poisoned dart. The poisoned dart hits the iguana.
You hit the iguana but do no damage. The iguana closely misses you.
You completely miss the iguana. The iguana barely misses you.
You barely miss the iguana. The iguana closely misses you.
You hit the iguana but do no damage. The iguana misses you.
You hit the iguana.
The iguana is lightly wounded.
The iguana bites you!
You hit the iguana but do no damage.
The iguana is lightly wounded.
The iguana bites you.
You hit the iguana but do no damage.
The iguana is lightly wounded.
The iguana bites you.
You hit the iguana.
The iguana is moderately wounded.
The iguana bites you!
* * * LOW HITPOINT WARNING * * *
You aren't carrying any items that you can evoke.
Throw: 9 stones
Press: ? - help, Q - select action, (/) - cycle Shift-Dir - straight line, f/p - iguana
Aim: an iguana (moderately wounded, haloed, 80% to hit)
Okay, then.
Okay, then.
Hit: a) +0 hand axe
Press: ? - help, Dir - move target, f/p - iguana
Aim: an iguana (moderately wounded, haloed, about 17% to evade your +0 hand axe)
You hit the iguana.
The iguana is heavily wounded.
The iguana closely misses you. The iguana bites you.
* * * LOW HITPOINT WARNING * * *
Hit: a) +0 hand axe
Press: ? - help, Dir - move target, f/p - iguana
Aim: an iguana (heavily wounded, haloed, about 17% to evade your +0 hand axe)
You hit the iguana but do no damage.
The iguana is heavily wounded.
The iguana bites you.
* * * LOW HITPOINT WARNING * * *
Hit: a) +0 hand axe
Press: ? - help, Dir - move target, f/p - iguana
Aim: an iguana (heavily wounded, haloed, about 17% to evade your +0 hand axe)
You hit the iguana.
The iguana is severely wounded.
The iguana barely misses you.
Hit: a) +0 hand axe
Press: ? - help, Dir - move target, f/p - iguana
Aim: an iguana (severely wounded, haloed, about 17% to evade your +0 hand axe)
You hit the iguana.
The iguana is severely wounded.
The iguana bites you!
You die...

### ..# #.# #.#
########.# #.#
#........# #.#
#.######## ######.##
#@#
.....g.).###l#######
#######....(g..[....
##.....#######
#######


You could see an iguana and a hobgoblin.

Vanquished Creatures
  5 adders (D:2)
  4 endoplasms (D:1)
  A giant cockroach (D:1)
  9 hobgoblins
  2 jackals (D:1)
  3 quokkas (D:1)
  5 ball pythons
  3 bats
  3 frilled lizards (D:1)
  3 goblins
  2 kobolds (D:1)
  4 rats
44 creatures vanquished.

Notes
Turn   | Place    | Note
-------+----------+-------------------------------------------
     0 | D:1      | jagoly the Mummy Monk began the quest for the Orb.
     0 | D:1      | Reached XP level 1. HP: 18/18 MP: 1/1
    74 | D:1      | Reached XP level 2. HP: 19/24 MP: 2/2
    75 | D:1      | Reached skill level 3 in Axes
   396 | D:1      | Reached XP level 3. HP: 28/29 MP: 3/3
   738 | D:2      | Reached skill level 4 in Axes
   823 | D:2      | Reached XP level 4. HP: 34/35 MP: 4/4
  1232 | D:3      | HP: 1/35 [iguana (6)]
  1234 | D:3      | Slain by an iguana

Illustrated notes

Levels and vault maps discovered:
D:1:      erik_arrival_triangle_medium, layout_rooms
D:2:      layout_basic
D:3:      cheibrodos_old_hovel, layout_loops_ring,
          shapermc_ecumenical_altar_rom_forum, ebering_ghost_rock_garden,
          serial_shops, nicolae_shop_pleasant_corner_grove, shop, shop,
          nicolae_shop_gaudy_bauble, nicolae_diamond_shop, minmay_fountain_box,
          uniq_robin, uniq_natasha

Skill      XL: |  1  2  3 |
---------------+----------+-----
Axes           | 3 4 |  4.3
Fighting       | |  3.0
Dodging        | |  2.4

Action                     |  1- 3 |  4- 6 || total
---------------------------+-------+-------++-------
  Melee: Hand axe          |    97 |    25 ||   122
  Throw: Dart              |       |     1 ||     1
 Armour: Robe              |    25 |    15 ||    40
         Ring mail         |    21 |       ||    21
  Dodge: Dodged            |    59 |    11 ||    70

Table legend: (Time is in decaauts)
 A = Elapsed time spent in this place.
 B = Non-inter-level travel time spent in this place.
 C = Inter-level travel time spent in this place.
 D = Time resting spent in this place.
 E = Time spent auto-exploring this place.
 F = Levels seen in this place.
 G = Mean time per level.
                   A        B        C        D        E       F      G
               +--------+--------+--------+--------+--------+-----+--------+
         Total |   1249 |   1198 |     51 |      0 |    859 |   3 |  416.3 |
       Dungeon |   1249 |   1198 |     51 |      0 |    859 |   3 |  416.3 |
               +--------+--------+--------+--------+--------+-----+--------+

Top non-repeatable levels by time:
     D:2: 633 daAuts
     D:1: 582 daAuts
     D:3: 32 daAuts
